 Dungeon Crawl Stone Soup version 0.23.2-1-ga50397a (webtiles) character file.

Game seed: 14092684715466731525

121 Crabhammer the Caller (level 4, -3/31 HPs)
             Began as a Mummy Summoner on May 22, 2019.
             Slain by a gnoll
             ... wielding a +0 whip
              (4 damage)
             ... on level 3 of the Dungeon.
             The game lasted 00:12:46 (3082 turns).

Crabhammer the Caller (Mummy Summoner)              Turns: 3082, Time: 00:12:47

Health: -3/31      AC:  2    Str: 11    XL:     4   Next: 76%
Magic:  4/10       EV: 12    Int: 15    God:
Gold:   157        SH:  0    Dex: 12    Spells: 2/11 levels left

rFire    x . .     SeeInvis .   b - +0 spear
rCold    + . .     Gourm    .   (no shield)
rNeg     + + +     Faith    .   a - +0 robe
rPois    ∞         Spirit   .   (no helmet)
rElec    .         Reflect  .   (no cloak)
rCorr    .         Harm     .   (no gloves)
MR       .....                  (no boots)
Stlth    ++........             (no amulet)
HPRegen  0.10/turn              (no ring)
MPRegen  0.12/turn              (no ring)

@: no status effects
A: no food or potions, fire vulnerability, cold resistance 1, negative energy
resistance 3, torment resistance, unbreathing
a: no special abilities


You were on level 3 of the Dungeon.
You were not hungry.

You visited 1 branch of the dungeon, and saw 3 of its levels.

You collected 157 gold pieces.

Inventory:

Hand Weapons
 b - a +0 spear (weapon)
Armour
 a - a +0 robe (worn)
 e - a +0 leather armour
Scrolls
 c - a scroll of identify {unknown}
 d - a scroll of teleportation {unknown}
 f - a scroll of magic mapping {unknown}
 g - a scroll of immolation {unknown}


   Skills:
 + Level 0.9 Fighting
 + Level 1.0 Polearms
 - Level 1.5 Dodging
 - Level 1.5 Stealth
 + Level 4.1 Spellcasting
 + Level 4.2 Summonings


You had 2 spell levels left.
You knew the following spells:

 Your Spells              Type           Power        Failure   Level  Hunger
a - Summon Small Mammal   Summ           ###.         3%          1    N/A
b - Call Imp              Summ           ###.....     4%          2    N/A
c - Call Canine Familiar  Summ           ###.....     10%         3    N/A
d - Summon Guardian Gole  Hex/Summ       #.......     22%         3    N/A

Your spell library contained the following spells:

 Spells                   Type           Power        Failure   Level  Hunger
 Summon Ice Beast         Ice/Summ       #.......     58%         4    N/A
 Summon Lightning Spire   Summ/Air       #.......     58%         4    N/A

Dungeon Overview and Level Annotations

Branches:
Dungeon (3/15)

Altars:
Ashenzari


Innate Abilities, Weirdness & Mutations

You do not eat or drink.
Your flesh is vulnerable to fire.
You are immune to poison.
Your flesh is cold resistant. (rC+)
You are immune to negative energy. (rN+++)
You are immune to unholy pain and torment.
You can survive without breathing.


Message History

The gnoll hits your quokka but does no damage.
Your crimson imp hits the gnoll.
You closely miss the gnoll.
The gnoll is severely wounded.
Your hound bites the gnoll.
The gnoll dies!
Your quokka barely misses the gnoll.
The gnoll hits you with a +0 whip! The gnoll hits your quokka!
Your quokka dies!
Your quokka's corpse disappears in a puff of smoke!
Your crimson imp blinks!
Your hound closely misses the gnoll.
Your crimson imp closely misses the gnoll.
Your crimson imp blinks!
The gnoll hits you with a +0 whip! The gnoll closely misses you.
The gnoll hits you from afar with a +1 halberd of distortion!
* * * LOW HITPOINT WARNING * * *
You blink.
The gnoll hits you with a +0 whip.
You die...

#...# #########.### ## #...#
#.# ##5## #########.# #§#
#.5....##.# #######
####.####.####.##.# ####....(.
#......##.####5##.####...>...##
#.##.h5§....##.##...##.##(##.#
#.....g.##.#g##g####.......##.#
....##...##....g@# ####.#####.#
##..##.#.####§#### #.......#
.........# #.# #########
.#.!##.#.# #.. .<..##.#.# ##.#
.#....... .# # ....g.. .#
..g.... ># ....... ..


You could see 3 gnolls and a friendly crimson imp.

Vanquished Creatures
  2 orc priests
  An adder (D:2)
  A shadow imp (D:3)
  2 giant cockroaches
  4 goblins
  5 hobgoblins
  3 bats
  4 frilled lizards
  2 kobolds
  4 rats
28 creatures vanquished.

Vanquished Creatures (collateral kills)
  An orc priest (D:3)
  2 gnolls
  An ooze (D:1)
  A worm (D:3)
  A leopard gecko (D:3)
  3 orcs
  A bat (D:1)
  A giant cockroach (D:1)
  3 hobgoblins
  A quokka (D:3)
  A ball python (D:3)
  A frilled lizard (D:1)
  5 goblins
  A kobold (D:1)
  A rat (D:2)
24 creatures vanquished.

Grand Total: 52 creatures vanquished

Notes
Turn   | Place    | Note
-------+----------+-------------------------------------------
     0 | D:1      | Crabhammer the Mummy Summoner began the quest for the Orb.
     0 | D:1      | Reached XP level 1. HP: 13/13 MP: 4/4
   335 | D:1      | Reached XP level 2. HP: 10/19 MP: 3/6
  1084 | D:2      | Found a shattered altar of Ashenzari.
  1088 | D:2      | Learned a level 2 spell: Call Imp
  1401 | D:2      | Reached XP level 3. HP: 12/24 MP: 4/7
  2043 | D:3      | Learned a level 3 spell: Call Canine Familiar
  2047 | D:3      | Learned a level 3 spell: Summon Guardian Golem
  2433 | D:2      | Reached XP level 4. HP: 7/31 MP: 1/9
  2864 | D:3      | Reached skill level 1 in Polearms
  3082 | D:3      | HP: 1/31 [gnoll/+1 halberd of distortion (9)]
  3082 | D:3      | Slain by a gnoll

Skill      XL: |  1  2  3  4 |
---------------+-------------+-----
Spellcasting   | 3 4 |  4.1
Summonings     | 4 |  4.2
Polearms       | 1 |  1.0
Fighting       | |  0.9
Dodging        | |  1.5
Stealth        | |  1.5

Action                   |  1- 3 |  4- 6 || total
-------------------------+-------+-------++-------
Melee: Spear             |    96 |    34 ||   130
       Unarmed           |     8 |       ||     8
 Cast: Summon Small Mamm |    18 |     1 ||    19
       Call Imp          |    17 |    10 ||    27
       Call Canine Famil |     1 |     5 ||     6
 Stab: Sleeping          |     2 |     1 ||     3
       Distracted        |     1 |       ||     1
Armor: Robe              |    17 |     5 ||    22
Dodge: Dodged            |    54 |    22 ||    76
